 Dungeon Crawl Stone Soup version 0.30-a0-802-gb92711bcdf (webtiles) character file.

Game seed: 2535480568502961186

318446 cforsyth the Imperceptible (level 22, -18/137 HPs)
             Began as a Kobold Brigand on Feb 25, 2023.
             Was the Champion of Hepliaklqana.
             Killed from afar by an ironbound frostheart (45 damage)
             ... by creeping frost
             ... on level 4 of the Vaults.
             The game lasted 01:23:49 (42147 turns).

cforsyth the Imperceptible (Kobold Brigand)        Turns: 42147, Time: 01:23:50

Health: -18/137    AC: 13    Str:  9    XL:     22   Next: 40%
Magic:  22/22      EV: 45    Int: 13    God:    Hepliaklqana [******]
Gold:   5587       SH:  5    Dex: 29    Spells: 21/21 levels left

rFire   + + +      SeeInvis .    V - +12 pair of quick blades "Gyre" and "Gimble" {protect}
rCold   . . .      Faith    .    (shield currently unavailable)
rNeg    . . .      Spirit   .    z - +0 troll leather armour
rPois   +          Reflect  +    X - +2 helmet {Int+3}
rElec   +          Harm     +    c - +0 cloak
rCorr   .          Rampage  +    k - +1 pair of gloves of the Evening Star {Rampage Dex+3}
Will    +++..                    I - +2 pair of boots {rampage} Stlth *+++++++++
                                 C - amulet of Gunid {Reflect Harm rElec rF+ Will+ SH+5}
HPRegen 1.22/turn                g - +5 ring of evasion
MPRegen 0.18/turn                W - ring "Uduckaj" {rElec rPois rF++ Will+ Int-3}

@: about to teleport, frozen, very slow
A: reduced essence, small, no large weapons, nightstalker 3
}: 2/15 runes: barnacled, gossamer
a: Renounce Religion, Recall Ancestor, Ancestor Identity, Transference, Idealise


You were on level 4 of the Vaults.
You worshipped Hepliaklqana.
Hepliaklqana was exalted by your worship.
You visited 7 branches of the dungeon, and saw 35 of its levels.
You also visited: Ossuary and Bailey.

You collected 5587 gold pieces.

Inventory:

Hand Weapons
 a - a +2 dagger
 v - a +3 spectral short sword
 F - a +0 rapier of venom
 L - a +4 quick blade of freezing
 R - a +2 scimitar of flaming
 V - the +12 pair of quick blades "Gyre" and "Gimble" (weapon) {protect}
   (You found it on level 11 of the Dungeon)
Missiles
 d - 79 poisoned darts (quivered)
 e - 8 curare-tipped darts
Armour
 c - a +0 cloak (worn)
 k - the +1 pair of gloves of the Evening Star (worn) {Rampage Dex+3}
   (You acquired it on level 4 of the Dungeon)

   Dex:       It affects your dexterity (+3).
   Rampage:   It bestows one free step when moving towards enemies.
 z - a +0 troll leather armour (worn)
 I - a +2 pair of boots of rampaging (worn)
 X - a +2 helmet of intelligence (worn)
Jewellery
 g - a +5 ring of evasion (left hand)
 p - a ring of willpower
 C - the amulet of Gunid (around neck) {Reflect Harm rElec rF+ Will+ SH+5}
   (You acquired it on level 10 of the Dungeon)

   [amulet of reflection]

   It reflects blocked missile attacks.
   rF:        It protects you from fire.
   rElec:     It insulates you from electricity.
   SH:        It affects your SH (+5).
   Harm:      It increases damage dealt and taken.
   Will:      It increases your willpower.
 O - a ring of resist corrosion
 W - the ring "Uduckaj" (right hand) {rElec rPois rF++ Will+ Int-3}
   (You found it on level 5 of the Lair of Beasts)

   [ring of poison resistance]

   Int:       It affects your intelligence (-3).
   rF:        It greatly protects you from fire.
   rElec:     It insulates you from electricity.
   rPois:     It protects you from poison.
   Will:      It increases your willpower.
Wands
 s - a wand of mindburst (46)
 A - a wand of flame (82)
 H - a wand of digging (7)
 J - a wand of roots (29)
 Z - a wand of paralysis (13)
Scrolls
 b - a scroll of acquirement
 j - 3 scrolls of poison
 u - 9 scrolls of teleportation
 w - 4 scrolls of butterflies
 y - 10 scrolls of enchant weapon
 B - 8 scrolls of blinking
 D - 12 scrolls of enchant armour
 E - 13 scrolls of fog
 G - 9 scrolls of amnesia
 P - 2 scrolls of fear
 Q - 4 scrolls of silence
 S - 16 scrolls of identify
 T - 3 scrolls of torment
 U - 9 scrolls of magic mapping
Potions
 f - 4 potions of brilliance
 h - 9 potions of might
 i - 4 potions of attraction
 l - 12 potions of heal wounds
 m - 6 potions of haste
 n - 16 potions of curing
 o - 11 potions of mutation
 q - 6 potions of lignification
 r - 5 potions of ambrosia
 t - 3 potions of berserk rage
 x - 7 potions of magic
 K - 2 potions of flight
 M - a potion of resistance
 N - 2 potions of invisibility
 Y - 3 potions of cancellation


   Skills:
 + Level 20.8 Fighting
 + Level 24.3 Short Blades
 - Level 2.1 Throwing
 + Level 22.4 Dodging
 + Level 26.5 Stealth
 - Level 2.4 Shields


You had 21 spell levels left.
You didn't know any spells.
Your spell library contained the following spells:

 Spells                   Type           Power      Damage    Failure   Level
 Beastly Appendage        Tmut           0%         N/A       41%         1
 Kiss of Death            Conj/Necr      0%         2d5       41%         1
 Magic Dart               Conj           0%         1d3       41%         1
 Summon Small Mammal      Summ           0%         N/A       41%         1
 Searing Ray              Conj           0%         2d4       54%         2
 Static Discharge         Conj/Air       0%         2-2/arc   54%         2
 Sublimation of Blood     Necr           0%         N/A       54%         2
 Wereblood                Tmut           0%         N/A       54%         2
 Call Canine Familiar     Summ           0%         N/A       78%         3
 Confusing Touch          Hex            0%         N/A       78%         3
 Inner Flame              Hex/Fire       0%         N/A       78%         3
 Kindle Blastsparks       Fire/Tloc/Air  0%         2d10      78%         3
 Ozocubu's Armour         Ice            0%         N/A       78%         3
 Spider Form              Tmut/Pois      0%         N/A       78%         3
 Stone Arrow              Conj/Erth      0%         3d7       78%         3
 Summon Guardian Golem    Hex/Summ       0%         N/A       78%         3
 Vhi's Electric Charge    Tloc/Air       0%         N/A       78%         3
 Airstrike                Air            0%         2d(0-16)  99%         4
 Animate Dead             Necr           0%         N/A       99%         4
 Cause Fear               Hex            0%         N/A       99%         4
 Dispel Undead            Necr           0%         3d6       99%         4
 Fulminant Prism          Conj/Hex       0%         3d5       99%         4
 Iskenderun's Mystic Bla  Conj/Tloc      0%         2d3       99%         4
 Leda's Liquefaction      Hex/Erth       0%         N/A       99%         4
 Summon Ice Beast         Ice/Summ       0%         N/A       99%         4
 Summon Lightning Spire   Summ/Air       0%         N/A       99%         4
 Arcjolt                  Conj/Air       0%         1d10      100%        5
 Borgnjor's Vile Clutch   Necr/Erth      0%         N/A       100%        5
 Fireball                 Conj/Fire      0%         3d3       100%        5
 Iskenderun's Battlesphe  Conj           0%         2d6       100%        5
 Lee's Rapid Deconstruct  Erth           0%         3d4*      100%        5
 Lightning Bolt           Conj/Air       0%         1d11      100%        5
 Metabolic Englaciation   Hex/Ice        0%         N/A       100%        5
 Summon Mana Viper        Hex/Summ       0%         N/A       100%        5
 Conjure Ball Lightning   Conj/Air       0%         3x3d6     100%        6
 Death Channel            Necr           0%         N/A       100%        6
 Iron Shot                Conj/Erth      0%         9d1       100%        6
 Simulacrum               Ice/Necr       0%         N/A       100%        6
 Statue Form              Tmut/Erth      0%         N/A       100%        6
 Monstrous Menagerie      Summ           0%         N/A       100%        7
 Orb of Destruction       Conj           0%         9d5       100%        7
 Spellforged Servitor     Conj/Summ      0%         N/A       100%        7
 Summon Hydra             Summ           0%         N/A       100%        7
 Discord                  Hex            0%         N/A       100%        8
 Chain Lightning          Conj/Air       0%         N/A       100%        9


Dungeon Overview and Level Annotations

Branches:
Dungeon (15/15)            Temple (1/1) D:7            Lair (5/5) D:11
 Shoals (4/4) Lair:2       Spider (4/4) Lair:3        Slime (0/5) Lair:4
    Orc (2/2) D:10            Elf (0/3) Orc:2        Vaults (4/5) D:13
  Crypt (0/3) Vaults:2     Depths (0/4) D:15        Ossuary (visited)
 Bailey (visited)

Altars:
Ashenzari
Cheibriados
Dithmenos
Elyvilon
Fedhas
Gozag
Hepliaklqana
Kikubaaqudgha
Makhleb
Nemelex Xobeh
Okawaru
Qazlal
Ru
Sif Muna
Trog
Uskayaw
Vehumet
Wu Jian
Xom
Yredelemnul
Zin
The Shining One
Jiyva

Shops:
D:11 (   D:13 [[:*   Orc:2 [![([   Shoals:2 (   Vaults:1 :   Vaults:3 !

Portals:
Trove: D:12 (give +2 gold dragon scales)

Annotations:
Spider:4 Roxanne
Vaults:3 2 runed translucent doors, Qeunemit's ghost, adept GrFi


Innate Abilities, Weirdness & Mutations

Your life essence is reduced to manifest your ancestor. (-10% HP)
You are small and have problems with some larger weapons.
You are completely attuned to the shadows.


Message History

You now have 5587 gold pieces (gained 19).
You open the door.
There is an open door here.
You swap places.
An ironbound frostheart, a vault sentinel and an ironbound preserver come into view.
The ironbound frostheart shouts!
The ironbound preserver shouts!
You hear a shout!
The vault sentinel casts a spell at you.
You easily resist.
A wizard comes into view. It is wielding a +0 dagger.
An ironbound frostheart comes into view.
The ironbound frostheart calls freezing cold from the walls.
The frost grips you!
You are encased in ice.
The ironbound preserver casts a spell.
The ironbound preserver begins to accept its allies' injuries.
There are monsters nearby!
There are monsters nearby!
Found a stone staircase leading down.
You block the vault sentinel's attack.
The ironbound frostheart calls freezing cold from the walls.
The frost grips you!
The frost grips Akhenaten!
Akhenaten resists.
The ironbound frostheart calls freezing cold from the walls.
The frost grips you!!!
The frost grips Akhenaten!
Akhenaten resists.
You are too injured to fight recklessly!
Okay, then.
Okay, then.
As you read the scroll of teleportation, it crumbles to dust.
You feel strangely unstable. You block the vault sentinel's attack.
The wizard gestures wildly while chanting.
The wizard blinks!
The ironbound frostheart calls freezing cold from the walls.
The frost grips you!!!
* * * LOW HITPOINT WARNING * * *
Unknown command.
You feel much better. You block the vault sentinel's attack.
The ironbound frostheart calls freezing cold from the walls.
The frost grips you!!!
You die...

#############
#.#.#R..#R#R#
##R#R#.#.#R##
#R#########.+
##R# #.#.#R##
#.###.p.###R#
#..#@ppp.#..#
#.#.#p.>###.#
##.#.#.#.#.##
#.#########R#
##.#.#.#R#R##
#R#..R#.#.#
######'#########
........#
........#


You could see an ironbound preserver, 2 ironbound frosthearts, a vault sentinel
(sheltered) and a wizard (sheltered).

Vanquished Creatures
  Jorgrun (Shoals:1)
  Zenata (Vaults:1)
  Asterion (Vaults:1)
  2 sphinxes
  Polyphemus (Shoals:3)
  Gastronok (D:8)
  A storm dragon (Shoals:4)
  Donald (Spider:1)
  Ilsuiw (Shoals:3)
  14 vault wardens
  5 emperor scorpions
  2 ghost moths (Spider:4)
  15 ironbound preservers
  A war gargoyle (Vaults:3)
  7 very ugly things
  5 broodmothers
  Nessos (D:12)
  3 ironbound thunderhulks (Vaults:3)
  Azrael (D:13)
  5 dire elephants (Vaults:3)
  2 eleionomae (Shoals:1)
  The ghost of Iich the Severer, a journeyman HOFi of Gozag (Lair:2)
  3 spark wasps
  2 crystal guardians (Vaults:3)
  An ettin (Vaults:1)
  7 yaktaur captains
  Josephine (D:12)
  4 merfolk javelineers
  2 fire dragons
  6 entropy weavers
  5 great orbs of eyes
  8 merfolk impalers
  10 vault guards
  An ice dragon (D:15)
  A deep elf high priest (Vaults:1)
  8 hydras
  2 jorogumos
  5 catoblepae
  13 centaur warriors
  7 ironbound frosthearts
  An ogre mage (D:15)
  2 radroaches
  10 boulder beetles
  11 two-headed ogres
  7 death yaks (Lair:5)
  3 satyrs (Shoals:1)
  5 death scarabs (Spider:4)
  5 merfolk aquamancers
  2 alligator snapping turtles (Shoals:4)
  Urug (D:13)
  A spectral emperor scorpion (Spider:4)
  An orc high priest (Orc:2)
  9 skysharks
  Sonja (D:12)
  Nergalle (D:12)
  12 sea snakes
  A sun moth (Spider:4)
  8 pharaoh ants
  6 skeletal warriors
  7 lindwurms
  33 deep trolls
  10 orb spiders
  3 wizards
  20 harpies
  A swamp dragon (Lair:5)
  5 steelbarb worms
  9 ironbound convokers
  An orc knight (Bailey)
  4 wolf spider zombies
  2 deep elf pyromancers
  2 spectral wolf spiders (Spider:3)
  A broodmother zombie (Spider:4)
  22 wolf spiders
  3 cyclopes
  5 orc sorcerers (Orc:2)
  21 ugly things
  21 manticores
  7 moths of wrath
  5 black mambas
  17 fauns
  8 merfolk sirens
  11 elephants
  10 demonic crawlers
  20 vault sentinels
  A guardian serpent (shapeshifter) (D:14)
  10 water nymphs
  2 torpor snails
  26 yaktaurs
  5 rime drakes
  22 cane toads
  4 spectral redbacks (Spider:4)
  12 komodo dragons
  A freezing wraith (D:14)
  A redback zombie (Spider:4)
  8 wind drakes
  8 trolls
  A queen bee (shapeshifter) (D:15)
  3 hornets
  4 spectral jumping spiders (Spider:4)
  5 wolf spider simulacra (Spider:3)
  37 merfolk
  2 polar bears
  A tarantella zombie (Spider:4)
  4 spectral tarantellas (Spider:4)
  Prince Ribbit (D:6)
  A culicivora zombie (Spider:4)
  18 tarantellas
  6 snapping turtles
  4 dream sheep
  13 blink frogs
  22 jumping spiders
  11 air elementals (Shoals:4)
  7 spriggans
  A shadow (D:6)
  34 slime creatures
  23 culicivoras
  21 water elementals
  6 wraiths
  23 yaks
  Eustachio (D:6)
  16 humans
  3 fire elementals (D:13)
  4 vampire mosquitoes (D:13)
  6 basilisks
  5 steam dragons
  Menkaure (D:7)
  The ghost of IdlyInterested the Ducker, an amateur OpMo (D:3)
  42 redbacks
  An acid dragon (Lair:5)
  A hell hound (D:13)
  11 water moccasins
  21 orc warriors
  A swamp drake (Lair:5)
  A sky beast (D:6)
  6 black bears
  2 ice beasts
  The ghost of asti the Chopper, an amateur MiBe of Trog (D:3)
  7 ogres
  15 centaurs
  27 wolves
  A phantom (D:4)
  12 bullfrogs
  2 kobold brigands
  2 gnoll sergeants
  2 necrophages
  5 scorpions
  12 wights
  2 killer bees (D:10)
  An electric eel (D:7)
  4 howler monkeys
  A crimson imp (D:4)
  4 jellies
  2 hounds (D:6)
  A gnoll bouda (D:7)
  25 orc priests
  4 iguanas
  Ijyb (D:4)
  23 orc wizards
  8 mummies (Ossuary)
  17 gnolls
  5 adders
  A white imp (D:6)
  2 ufetubi
  2 worms (D:2)
  2 dart slugs
  90 orcs
  4 ball pythons
  5 bats
  8 endoplasms
  5 giant cockroaches
  8 hobgoblins
  3 jackals (D:1)
  5 frilled lizards
  8 goblins
  A goblin zombie (D:4)
  3 hobgoblin zombies (Ossuary)
  25 kobolds
  A kobold skeleton (D:4)
  4 kobold zombies
  4 orc skeletons (D:4)
  4 orc zombies
  5 rats
1338 creatures vanquished.

Vanquished Creatures (collateral kills)
  An emperor scorpion (Spider:4)
  A vault warden (Vaults:2)
  3 dire elephants
  2 merfolk impalers
  An entropy weaver (Spider:4)
  2 peacekeepers (Vaults:3)
  A jorogumo (Spider:2)
  2 vault guards
  A two-headed ogre (D:11)
  Erica (D:8)
  A death scarab (Spider:4)
  2 merfolk aquamancers
  A satyr (Shoals:4)
  A sea snake (Shoals:1)
  An orb spider (Spider:4)
  3 deep trolls
  A harpy (Vaults:1)
  A wizard (Vaults:3)
  An ironbound convoker (Vaults:2)
  A wolf spider zombie (Spider:3)
  2 manticores
  2 fauns
  2 elephants
  2 merfolk sirens (Shoals:3)
  A water nymph (Shoals:3)
  A gargoyle (D:12)
  3 merfolk
  2 tarantellas (Spider:4)
  3 blink frogs
  3 jumping spiders (Spider:4)
  A slime creature (D:13)
  A spriggan (Lair:2)
  2 culicivoras
  2 wraiths
  A yak (D:11)
  A redback (Spider:2)
  The ghost of Tollund the Shooter, an amateur KoHs (D:3)
  A hell hound (D:13)
  An orc warrior (Bailey)
  An ogre (D:15)
  A wolf (Lair:5)
  A killer bee (D:10)
  3 orc wizards
  6 orcs
  A plant (Shoals:3)
73 creatures vanquished.

Vanquished Creatures (others)
  2 draconians (D:1)
  An octopode (D:1)
  2 vine stalkers (D:1)
  A spriggan (D:1)
  A human (D:1)
  An ogre (D:1)
  2 tengu (D:1)
  9 hexers
  2 ancestors
  A gnoll (D:1)
  A kobold (D:1)
  6 fungi
  129 plants
  8 tentacles (D:1)
166 creatures vanquished.

Grand Total: 1577 creatures vanquished

Notes
Turn   | Place    | Note
-------+----------+-------------------------------------------
     0 | D:1      | cforsyth the Kobold Brigand began the quest for the Orb.
     0 | D:1      | Reached XP level 1. HP: 12/12 MP: 1/1
     0 | D:1      | Noticed an octopode
     0 | D:1      | Noticed a tengu
     0 | D:1      | Noticed a spriggan
     0 | D:1      | Noticed a vine stalker
     3 | D:1      | Killed a vine stalker
     4 | D:1      | Noticed a kraken
     4 | D:1      | Killed a tengu
     5 | D:1      | Killed a tengu
     7 | D:1      | Killed a human
     9 | D:1      | Killed an ogre
    14 | D:1      | Killed a draconian
    15 | D:1      | Killed a vine stalker
    16 | D:1      | Killed a spriggan
    17 | D:1      | Killed a draconian
    22 | D:1      | Killed an octopode
   135 | D:1      | Reached XP level 2. HP: 15/18 MP: 2/2
   447 | D:1      | Reached XP level 3. HP: 22/22 MP: 3/3
  1018 | D:2      | Noticed a necrophage
  1033 | D:2      | Killed a necrophage
  1034 | D:2      | Reached skill level 6 in Stealth
  1034 | D:2      | Reached XP level 4. HP: 10/28 MP: 4/4
  1146 | D:2      | Reached XP level 5. HP: 32/32 MP: 5/5
  2273 | D:3      | Found a runed translucent gate.
  2274 | D:3      | Found a runed translucent gate.
  2275 | D:3      | Found a runed translucent gate.
  2632 | D:4      | Identified a scroll of acquirement
  2632 | D:4      | Acquired the +1 pair of gloves of the Evening Star {Rampage
                  | Dex+3}
  2676 | D:4      | Reached XP level 6. HP: 38/38 MP: 6/6
  2703 | D:4      | Noticed Ijyb
  2707 | D:4      | Killed Ijyb
  2712 | D:4      | Found a glowing golden altar of the Shining One.
  2826 | D:4      | Reached skill level 5 in Short Blades
  2826 | D:4      | Reached skill level 7 in Stealth
  2873 | D:4      | Reached XP level 7. HP: 43/43 MP: 7/7
  2886 | D:4      | Found a sand-covered staircase.
  2891 | Ossuary  | Entered an ossuary
  3784 | D:5      | Entered Level 5 of the Dungeon
  4276 | D:5      | Reached skill level 5 in Fighting
  4276 | D:5      | Reached XP level 8. HP: 49/49 MP: 8/8
  4499 | D:5      | Found a hide-covered altar of Uskayaw.
  4588 | D:5      | Reached skill level 5 in Dodging
  4588 | D:5      | Reached skill level 8 in Stealth
  4900 | D:6      | Found a broken altar of Ashenzari.
  5008 | D:6      | Noticed Prince Ribbit
  5011 | D:6      | Killed Prince Ribbit
  5032 | D:6      | Reached skill level 9 in Stealth
  5041 | D:6      | Reached XP level 9. HP: 55/55 MP: 9/9
  5193 | D:6      | Noticed Eustachio
  5198 | D:6      | Killed Eustachio
  5469 | D:6      | Reached skill level 10 in Stealth
  5818 | D:6      | Reached XP level 10. HP: 63/63 MP: 10/10
  6036 | D:7      | Noticed Menkaure
  6040 | D:7      | Killed Menkaure
  6083 | D:7      | Reached skill level 11 in Stealth
  6395 | D:7      | Found a staircase to the Ecumenical Temple.
  6401 | Temple   | Entered the Ecumenical Temple
  6507 | Temple   | Became a worshipper of Hepliaklqana the Forgotten
  7432 | D:7      | Found an ancient bone altar of Kikubaaqudgha.
  7972 | D:8      | Noticed Erica
  8545 | D:8      | Found a shadowy altar of Dithmenos.
  8545 | D:8      | Found a blossoming altar of Fedhas.
  8547 | D:8      | Found an opulent altar of Gozag.
  8548 | D:8      | Found a bloodstained altar of Trog.
  8565 | D:8      | Reached skill level 10 in Short Blades
  8580 | D:8      | Found a shimmering blue altar of Sif Muna.
  8592 | D:8      | Reached * piety under Hepliaklqana
  8621 | D:8      | Noticed Gastronok
  8639 | D:8      | Killed Gastronok
  8640 | D:8      | Reached skill level 12 in Stealth
  9007 | D:8      | Noticed a deep elf pyromancer
  9008 | D:8      | Reached XP level 11. HP: 62/62 MP: 11/11
  9019 | D:8      | Killed a deep elf pyromancer
  9369 | D:8      | Killed Erica
  9455 | D:8      | Found a shimmering altar of Xom.
  9930 | D:9      | Found an ornate altar of the Wu Jian Council.
 10005 | D:9      | Found a flagged portal.
 10011 | Bailey   | Entered a bailey
 10273 | Bailey   | Reached skill level 10 in Dodging
 10304 | Bailey   | Noticed an orc knight
 10307 | Bailey   | Killed an orc knight
 10308 | Bailey   | Reached skill level 13 in Stealth
 11202 | D:10     | Entered Level 10 of the Dungeon
 11203 | D:10     | Acquired a +4 quick blade of freezing
 11206 | D:10     | Acquired the amulet of Gunid {Reflect Harm rElec rF+ Will+
                  | SH+5}
 11624 | D:10     | Noticed a two-headed ogre
 11633 | D:10     | Reached skill level 10 in Fighting
 11640 | D:10     | Killed a two-headed ogre
 11644 | D:10     | Reached ** piety under Hepliaklqana
 11645 | D:10     | Remembered your ancestor Akhenaten as a hexer
 11792 | D:10     | Reached XP level 12. HP: 69/69 MP: 12/12
 11811 | D:10     | Found a staircase to the Orcish Mines.
 12434 | D:11     | Reached skill level 14 in Stealth
 12679 | D:11     | Found a staircase to the Lair.
 12725 | D:11     | Got Lueteso's Spellbook of Ozone and Algor
 12797 | D:11     | Reached skill level 1 in Shields
 12943 | D:11     | Noticed a two-headed ogre
 12956 | D:11     | Killed a two-headed ogre
 13035 | D:11     | Reached *** piety under Hepliaklqana
 13132 | D:11     | Noticed a two-headed ogre
 13132 | D:11     | Noticed a two-headed ogre
 13135 | D:11     | Killed a two-headed ogre
 13138 | D:11     | Killed a two-headed ogre
 13139 | D:11     | Found the +12 pair of quick blades "Gyre" and "Gimble"
                  | {protect}
 13268 | D:11     | Found Poyzuyfu's Weapon Shop.
 13636 | D:12     | Noticed Nergalle
 13638 | D:12     | Killed Nergalle
 13752 | D:12     | Reached skill level 15 in Stealth
 13843 | D:12     | Noticed a centaur warrior
 13847 | D:12     | Killed a centaur warrior
 13896 | D:12     | Noticed Sonja
 13898 | D:12     | Reached XP level 13. HP: 75/75 MP: 13/13
 13899 | D:12     | Killed Sonja
 14171 | D:12     | Found a portal to a secret trove of treasure.
 14191 | D:12     | Reached **** piety under Hepliaklqana
 14331 | D:13     | Noticed a centaur warrior
 14331 | D:13     | Noticed Urug
 14331 | D:13     | Noticed a centaur warrior
 14331 | D:13     | Found a gate to the Vaults.
 14523 | D:13     | Found Ideele Yssurph's Book Boutique.
 14780 | D:13     | Noticed Josephine
 15038 | D:12     | Reached skill level 16 in Stealth
 15282 | D:12     | Killed Josephine
 15302 | D:13     | Noticed Nessos
 16346 | D:12     | Killed Nessos
 16605 | D:13     | Killed Urug
 16609 | D:13     | Noticed Azrael
 16621 | D:13     | Killed Azrael
 16630 | D:13     | Found Ynaucs's Antique Armour Boutique.
 16666 | D:13     | Killed a centaur warrior
 16726 | D:13     | Found Gonad's Armour Boutique.
 16794 | D:13     | Killed a centaur warrior
 16795 | D:13     | Reached XP level 14. HP: 59/82 MP: 14/14
 17003 | D:13     | Found Wujasify's Assorted Antiques.
 17012 | D:13     | Reached skill level 15 in Short Blades
 17049 | D:13     | Reached skill level 17 in Stealth
 17495 | Lair:1   | Entered Level 1 of the Lair of Beasts
 18039 | Lair:1   | Reached ***** piety under Hepliaklqana
 18427 | Lair:2   | Found a transporter.
 18462 | Lair:2   | Found a transporter.
 18786 | Lair:2   | Found a staircase to the Shoals.
 19351 | Lair:3   | Found a hole to the Spider Nest.
 19451 | Lair:3   | Reached skill level 18 in Stealth
 19624 | Lair:3   | Reached XP level 15. HP: 72/90 MP: 15/15
 20046 | Lair:4   | Reached skill level 15 in Dodging
 20311 | Lair:4   | Found a staircase to the Slime Pits.
 20311 | Lair:4   | Found a viscous altar of Jiyva.
 20362 | Lair:4   | Reached ****** piety under Hepliaklqana
 20948 | Lair:5   | Entered Level 5 of the Lair of Beasts
 21150 | Lair:5   | Identified the +2 robe of Watchfulness {Str+4 Stlth+}
 21361 | Lair:5   | Reached skill level 19 in Stealth
 21461 | Lair:5   | Identified the ring "Uduckaj" {rElec rPois rF++ Will+
                  | Int-3}
 21948 | Lair:5   | Reached skill level 15 in Fighting
 21960 | Lair:5   | Reached XP level 16. HP: 97/97 MP: 16/16
 22424 | Orc:1    | Entered Level 1 of the Orcish Mines
 23034 | Orc:2    | Entered Level 2 of the Orcish Mines
 23143 | Orc:2    | Found Seel's Antique Armour Emporium.
 23232 | Orc:2    | Found Ymaoq's Weapon Shop.
 23233 | Orc:2    | Found Atraq's Armour Shop.
 23245 | Orc:2    | Found Olocogh's Distillery.
 23252 | Orc:2    | Found Orghue's Armour Boutique.
 23456 | Orc:2    | Found a staircase to the Elven Halls.
 24193 | D:3      | Noticed IdlyInterested's ghost (amateur OpMo)
 24193 | D:3      | Noticed Tollund's ghost (amateur KoHs)
 24193 | D:3      | Noticed asti's ghost (amateur MiBe)
 24197 | D:3      | Killed IdlyInterested's ghost
 24199 | D:3      | Killed asti's ghost
 24201 | D:3      | Killed Tollund's ghost
 24462 | Lair:2   | Found a bloodstained altar of Trog.
 24462 | Lair:2   | Noticed Iich's ghost (journeyman HOFi)
 24796 | Lair:2   | Killed Iich's ghost
 25260 | D:14     | Reached skill level 20 in Stealth
 25748 | D:14     | Found a transporter.
 25749 | D:14     | Found a transporter.
 26323 | D:15     | Entered Level 15 of the Dungeon
 26883 | D:15     | Found a stormy altar of Qazlal.
 26949 | D:15     | Found a staircase to the Depths.
 27465 | D:14     | Reached XP level 17. HP: 77/103 MP: 17/17
 27661 | Spider:1 | Entered Level 1 of the Spider Nest
 28164 | Spider:1 | Reached skill level 21 in Stealth
 28391 | Spider:1 | Noticed Donald
 28394 | Spider:1 | Killed Donald
 30034 | Spider:3 | Identified the +5 short sword "Xenoywiced" {elec, Dex+3}
 30278 | Spider:3 | Reached XP level 18. HP: 110/110 MP: 18/18
 30368 | Spider:3 | Reached skill level 22 in Stealth
 30801 | Spider:4 | Entered Level 4 of the Spider Nest
 30856 | Spider:4 | Got the Precepts of Ill-starred Impulse
 30955 | Spider:4 | Noticed Roxanne
 32014 | Spider:4 | Identified the +2 hat "Qonyh" {*Corrode rC+ Int+5}
 32023 | Spider:4 | Got a gossamer rune of Zot
 32255 | Shoals:1 | Entered Level 1 of the Shoals
 32584 | Shoals:1 | Reached skill level 23 in Stealth
 32728 | Shoals:1 | Reached XP level 19. HP: 117/117 MP: 19/19
 33236 | Shoals:1 | Noticed Jorgrun
 33242 | Shoals:1 | Killed Jorgrun
 33831 | Shoals:1 | Identified the +2 ring mail of Beauty {rN+ Str+4}
 34417 | Shoals:2 | Found Kateym's Weapon Shoppe.
 35011 | Shoals:3 | Noticed Ilsuiw
 35044 | Shoals:3 | Killed Ilsuiw
 35461 | Shoals:3 | Noticed Polyphemus
 35474 | Shoals:3 | Killed Polyphemus
 35578 | Shoals:4 | Entered Level 4 of the Shoals
 35767 | Shoals:4 | Reached skill level 24 in Stealth
 35818 | Shoals:4 | Reached XP level 20. HP: 90/123 MP: 20/20
 36421 | Shoals:4 | HP: 2/125 [merfolk impaler/+5 vampiric trident (16)]
 36897 | Shoals:4 | Identified the +0 plate armour "Leduh" {rF+ rC+ Int+2 SInv}
 37151 | Shoals:4 | Identified the +6 hand axe of Ozakhlug {pain, rCorr}
 37167 | Shoals:4 | Got a barnacled rune of Zot
 37697 | Vaults:1 | Entered Level 1 of the Vaults
 37746 | Vaults:1 | Found Wiuqiuc's Book Emporium.
 38751 | Vaults:1 | Reached skill level 25 in Stealth
 38820 | Vaults:1 | Reached XP level 21. HP: 77/130 MP: 21/21
 39154 | Vaults:1 | Noticed Zenata
 39159 | Vaults:1 | Noticed Asterion
 39160 | Vaults:1 | Killed Zenata
 39169 | Vaults:1 | Killed Asterion
 39736 | Vaults:2 | Found a staircase to the Crypt.
 40728 | Vaults:3 | Reached skill level 26 in Stealth
 41007 | Vaults:3 | Reached XP level 22. HP: 137/137 MP: 22/22
 41380 | Vaults:3 | Found a large runed translucent door.
 41380 | Vaults:3 | Found a large runed translucent door.
 41382 | Vaults:3 | Noticed Qeunemit's ghost (adept GrFi)
 41644 | Vaults:3 | Found Orogiur's Distillery.
 42147 | Vaults:4 | Killed from afar by an ironbound frostheart

Illustrated notes

Levels and vault maps discovered:
D:1:      nicolae_arrival_kraken_aquarium_a, layout_loops_cross,
          minmay_split_cup_large
D:2:      layout_loops_cross, minmay_unequal
D:3:      layout_basic, gammafunk_ghost_cemetery
D:4:      layout_basic, nicolae_tso_besieged_by_evil, enter_ossuary_5, uniq_ijyb
D:5:      layout_rooms, lemuel_coloured_pillars_altar, hex_large
D:6:      wad_guarded_room, layout_basic, ashenzari_altar_1,
          dreamdust_wishing_well, uniq_prince_ribbit1, uniq_eustachio
D:7:      layout_loops_ring, lemuel_tele_altar,
          minmay_temple_entry_enclosed_plants, kennysheep_minor_cross,
          uniq_menkaure
D:8:      nicolae_whirlpool, layout_layer_cave, mainiacjoe_overflow_catwalk,
          grunt_temple_overflow_open, uniq_gastronok, uniq_erica
D:9:      layout_roguey, nicolae_wu_jian_glorious_leap, enter_bailey_8,
          minmay_misc_feat_encased
D:10:     nicolae_BIG_FREAKIN_CUBE, layout_basic, hiddenorc2_lemuel
D:11:     layout_roguey, lair_entry_dummy, serial_shops,
          nicolae_shop_advertising_works [nicolae_subvault_shop_adworks],
          hellmonk_guarded_unrand_gyre_and_gimble
D:12:     layout_stronghold, enter_trove_6, uniq_nergalle, uniq_sonja
D:13:     layout_basic, david_vaults_3, serial_shops, nicolae_shop_behind_doors,
          nicolae_stop_n_shop_1, shop, nicolae_shop_hallway_plus, uniq_azrael,
          uniq_nessos, uniq_josephine
D:14:     gammafunk_boulding_lane, layout_layer_cave, kennysheep_pointless_box
D:15:     grunt_enter_depths_hoard, layout_long_grid,
          nicolae_qazlal_eye_of_the_storm, serial_bayou_pond_c,
          small_statue_intersection
Temple:   nicolae_temple_bog_church
Lair:1:   layout_regular_city, infiniplex_staircase_pool_2
Lair:2:   layout_chaotic_city, nicolae_shoals_entry_flooding,
          gammafunk_ghost_wrathful_warriors, lemuel_fruit_tree,
          lemuel_fruit_fields
Lair:3:   nzn_motion_control, layout_hall_layers, spider_nest_entry_rubble,
          beast_lair_carwin_10
Lair:4:   layout_regular_city, slime_entry_1, infiniplex_staircase_pool,
          uniq_urug
Lair:5:   hangedman_lair_in_review, layout_hall_layers,
          guppyfry_lair_end_dragon, serial_bayou_pond_b
Shoals:1: layout_shoals, nicolae_shoals_enchanted_isle, uniq_jorgrun
Shoals:2: layout_shoals, serial_shops, nicolae_shop_statue_plus, ldierk_geyser
Shoals:3: nicolae_shoals_aurelia_aurita, layout_shoals, serial_shops,
          nicolae_diamond_shop, uniq_polyphemus, uniq_ilsuiw
Shoals:4: shoals_end_hellmonk_storm_palace [storm_palace_center_circular,
          storm_palace_corner_narrow, storm_palace_corner_grid,
          storm_palace_corner_pillars, storm_palace_corner_blocked]
Spider:1: layout_cave_pods, nicolae_spider_claw_tunnel, uniq_donald
Spider:2: layout_spider_delve
Spider:3: layout_spider_delve, nicolae_spider_undead_wolf_pack
Spider:4: floodkiller_spider_rune_tomb, uniq_roxanne
Orc:1:    layout_diamond_mine, basic_altar
Orc:2:    st_orc_mages, layout_diamond_mine, serial_shops,
          nicolae_shop_hallway_plus
Vaults:1: vaults_room_hallway, nicolae_vaults_diagonal_hallway_7,
          dpeg_vaults_monster_row, vaults_room_corners,
          nicolae_vaults_little_squares_6, st_cross,
          nicolae_vaults_windows_and_doors_thing, v_misc_12,
          nicolae_vaults_ring_of_whatevers, vaults_room_corners,
          layout_vaults_quadrants, serial_shops, nicolae_shop_statue_plus,
          uniq_zenata, uniq_asterion
Vaults:2: v_pattern_3, nicolae_vaults_three_branches, v_misc_33, v_misc_24,
          vaults_room_corners, nicolae_vaults_holding_cells, v_alt_pattern_5,
          v_alt_pattern_4, hangedman_vaults_nails, nicolae_vaults_rhombus_5,
          layout_vaults_omnibox, dummy_crypt_entry
Vaults:3: advil_vaults_ghost_guards, ontoclasm_vaults_ring_large,
          vaults_room_semicircle, grunt_vaults_bifocal, vaults_room_door_hall,
          ontoclasm_vaults_loading_screen, nicolae_vaults_network_star,
          vaults_room_fours, vaults_room_fours, ontoclasm_vaults_ring_large,
          vaults_room_fancy_cross, v_misc_22, vaults_standard_mumra_x,
          nicolae_vaults_border_crossing, layout_vaults_ring, serial_shops,
          nicolae_shop_waterfront
Vaults:4: hangedman_vaults_impose, grunt_tower_of_power,
          nicolae_vaults_little_squares_1, nicolae_vaults_network_barrier,
          v_pattern_5, vaults_dpeg_doors, nicolae_vaults_little_squares_5,
          nicolae_vaults_asterisk, ontoclasm_vaults_loading_screen,
          layout_vaults_maze, uniq_saint_roka

Skill      XL: |  1  2  3  4  5  6  7  8  9 10 11 12 13 14 15 16 17 18 19 20 21 22 |
---------------+-------------------------------------------------------------------+-----
Short Blades   | 3 4 5 7 8 10 12 13 14 16 17 18 19 21 22 23 24 | 24.3
Dodging        | 2 3 4 6 7 9 10 12 13 14 16 17 18 19 20 21 22 | 22.4
Fighting       | 3 4 5 6 7 8 10 11 12 13 15 16 17 18 19 20 | 20.8
Stealth        | 6 7 9 10 12 13 15 16 18 19 20 21 23 24 25 26 | 26.5
Shields        | 2 |  2.4
Throwing       | |  2.1

Action                     |  1- 3 |  4- 6 |  7- 9 | 10-12 | 13-15 | 16-18 | 19-21 | 22-24 || total
---------------------------+-------+-------+-------+-------+-------+-------+-------+-------++-------
  Melee: Dagger            |    94 |   100 |   230 |    77 |       |       |       |       ||   501
         Punch             |       |       |     8 |    10 |       |       |       |       ||    18
         Short sword       |       |       |       |   272 |       |       |       |       ||   272
         Quick blade       |       |       |       |   306 |       |       |       |       ||   306
         Pair of quick bla |       |       |       |    15 |   657 |  1074 |  1148 |   179 ||  3073
 Invoke: Ancestor Life: He |       |       |       |     1 |       |       |       |       ||     1
         Recall Ancestor   |       |       |       |       |     1 |     2 |     1 |       ||     4
    Use: Scroll            |     8 |     7 |     3 |     6 |     3 |     9 |       |     1 ||    37
         Potion            |     1 |       |       |       |       |       |     1 |     1 ||     3
   Stab: Sleeping          |     9 |    31 |    41 |    60 |    58 |    86 |    62 |     3 ||   350
         Distracted        |       |     2 |       |    13 |     9 |    17 |    14 |     2 ||    57
         Confused          |       |       |       |     6 |    18 |    16 |    75 |     9 ||   124
         Paralysed         |       |       |       |       |     5 |    26 |    34 |     4 ||    69
 Armour: Robe              |    22 |     9 |    17 |     4 |       |       |       |       ||    52
         Leather armour    |       |       |       |    16 |       |       |       |       ||    16
         Troll leather arm |       |       |       |     6 |    30 |    83 |    45 |     6 ||   170
  Dodge: Dodged            |    61 |    29 |    87 |   301 |   324 |   689 |   585 |    48 ||  2124
  Block: Other             |       |       |       |    13 |    64 |   115 |    87 |    11 ||   290
         Reflection        |       |       |       |       |     5 |       |     9 |       ||    14

Table legend: (Time is in decaauts)
 A = Elapsed time spent in this place.
 B = Non-inter-level travel time spent in this place.
 C = Inter-level travel time spent in this place.
 D = Time resting spent in this place.
 E = Time spent auto-exploring this place.
 F = Levels seen in this place.
 G = Mean time per level.
                   A        B        C        D        E       F      G
               +--------+--------+--------+--------+--------+-----+--------+
         Total |  40120 |  37810 |   2310 |   6665 |  24955 |  37 | 1084.3 |
       Dungeon |  18871 |  17576 |   1295 |   3706 |  11051 |  15 | 1258.1 |
        Temple |    292 |    278 |     14 |      0 |    258 |   1 |  292.0 |
          Lair |   5418 |   4952 |    466 |    534 |   3782 |   5 | 1083.6 |
        Shoals |   5030 |   4839 |    191 |   1163 |   2607 |   4 | 1257.5 |
   Spider Nest |   4136 |   3898 |    238 |    660 |   2454 |   4 | 1034.0 |
  Orcish Mines |   1444 |   1388 |     56 |      0 |   1256 |   2 |  722.0 |
        Vaults |   3946 |   3899 |     47 |      0 |   3357 |   4 |  986.5 |
       Ossuary |    503 |    503 |      0 |    290 |     85 |   1 |  503.0 |
        Bailey |    476 |    476 |      0 |    312 |    103 |   1 |  476.0 |
               +--------+--------+--------+--------+--------+-----+--------+

Top non-repeatable levels by time:
    D:12: 3033 daAuts
     D:7: 2185 daAuts
  Lair:2: 1640 daAuts
Shoals:4: 1605 daAuts
Shoals:1: 1522 daAuts
    D:14: 1430 daAuts
Vaults:1: 1414 daAuts
     D:8: 1399 daAuts
Vaults:3: 1343 daAuts
    D:10: 1300 daAuts
Spider:2: 1185 daAuts
Spider:4: 1175 daAuts
Vaults:2: 1147 daAuts
     D:6: 1122 daAuts
  Lair:5: 1091 daAuts
